 Dungeon Crawl Stone Soup version 0.18.1-5-g4a78601 (webtiles) character file.

186 oplop the Chiller (level 5, 0/32 HPs)
             Began as an Octopode Ice Elementalist on May 13, 2016.
             Slain by an orc priest
             ... wielding a +0 mace
              (5 damage)
             ... on level 3 of the Dungeon.
             The game lasted 00:04:46 (1804 turns).

oplop the Chiller (Octopode Ice Elementalist)       Turns: 1804, Time: 00:04:46

Health: 0/32       AC:  3    Str:  9    XL:     5   Next: 65%
Magic:  0/9        EV: 12    Int: 19    God:
Gold:   70         SH:  0    Dex: 12    Spells: 3 memorised, 4 levels left

rFire  . . .     SeeInvis .     e - +1 dagger (vamp)
rCold  + . .     Gourm    .     (no shield)
rNeg   . . .     Faith    .     (helmet restricted)
rPois  .         Spirit   .     (no amulet)
rElec  .         Dismiss  .     (no ring)
rCorr  .         Reflect  .     (no ring)
SustAt .         Harm     .     (no ring)
MR     .....                    (no ring)
Stlth  +++.......               (no ring)
                                (no ring)
                                (no ring)
                                (no ring)

@: not resistant to hostile enchantments, fairly stealthy
A: almost no armour, amphibious, 8 rings, constrict 8, yellow scales 1,
camouflage 1, blurry vision 1, cold resistance 1, frail 1, strong 1, gelatinous
body 1
a: no special abilities


You were on level 3 of the Dungeon.
You were not hungry.

You visited 1 branch of the dungeon, and saw 4 of its levels.

You collected 70 gold pieces.

Inventory:

Hand Weapons
 e - a +1 vampiric dagger (weapon)
Scrolls
 c - a scroll of noise {unknown}
 h - 2 scrolls of fear {unknown}
 j - 5 scrolls of remove curse {unknown}
 l - 2 scrolls of recharging {unknown}
 m - 3 scrolls of teleportation {unknown}
 n - 2 scrolls of enchant armour
Potions
 d - 2 potions of curing
 f - a potion of resistance
 g - a potion of degeneration
 k - a potion of haste
Books
 a - a book of Frost

   Spells                             Type                      Level
   a - Freeze                         Ice                          1
   b - Throw Frost                    Conjuration/Ice              2
   c - Ozocubu's Armour               Charms/Ice                   3
   d - Throw Icicle                   Conjuration/Ice              4
   e - Summon Ice Beast               Ice/Summoning                4
Comestibles
 b - 4 chunks of flesh
 i - a meat ration
 o - a bread ration


   Skills:
 + Level 2.8 Fighting
 - Level 2.0 Dodging
 - Level 2.6 Stealth
 + Level 3.2 Spellcasting
 - Level 1.0 Conjurations
 + Level 4.4 Ice Magic


You had 4 spell levels left.
You knew the following spells:

 Your Spells              Type           Power        Failure   Level  Hunger
a - Freeze                Ice            ###.         2%          1    None
b - Throw Frost           Conj/Ice       ##....       10%         2    ##.....
c - Ozocubu's Armour      Chrm/Ice       ##......     17%         3    ###....


Dungeon Overview and Level Annotations

Branches:
Dungeon (4/15)
 Temple: D:4-7

Altars:
Nemelex Xobeh
Zin

Annotations:
D:4 2 exclusions


Innate Abilities, Weirdness & Mutations

You cannot wear most types of armour.
You are amphibious.
You can wear up to eight rings at the same time.
You can use your tentacles to constrict eight enemies at once.
Your skin changes colour to match your surroundings (Stealth).
Your rubbery body absorbs attacks (AC +1).
You are partially covered in yellow scales (AC +2).
Scrolls take you a little longer to read.
Your flesh is cold resistant.
You are frail (-10% HP).
Your muscles are strong. (Str +2)


Message History

Aiming: Freeze
Press: ? - help, Shift-Dir - straight line, f/p - orc priest
Aim: an orc priest, wielding a mace (moderately wounded)
You freeze the orc priest.
The orc priest is severely wounded.
The orc priest hits you with a mace!
Casting: Freeze
Confirm with . or Enter, or press ? or * to list all spells.
Aiming: Freeze
Press: ? - help, Shift-Dir - straight line, f/p - orc priest
Aim: an orc priest, wielding a mace (severely wounded)
You freeze the orc priest.
The orc priest is severely wounded.
The orc priest calls down the wrath of Beogh upon you.
Beogh smites you!
* * * LOW HITPOINT WARNING * * *
You hit the orc priest. Your grab misses the orc priest.
The orc priest is almost dead.
The orc priest hits you with a mace.
You die...

....... # .#.... .# #.
#....# #.# #.##....##
#.# ##........######.#
.....<...........#
#.........# #..#
#.##..)##.####)o#####..
#.##...##....)@.......#
#.###.#########.######
#.###.#########.#
###...............#
.....####.######### #
####.# #.# #. #.# #.#
#. #.# #.# #. ####.#
#.# #.


You could see an orc priest.

Vanquished Creatures
  2 orc wizards (D:3)
  A worker ant (D:3)
  3 adders (D:2)
  A worm (D:2)
  3 dart slugs
  2 giant geckos
  4 orcs (D:3)
  11 bats
  7 goblins
  9 hobgoblins
  4 jackals (D:1)
  A quokka (D:4)
  A giant newt (D:2)
  8 kobolds
  10 rats
67 creatures vanquished.

Notes
Turn   | Place    | Note
--------------------------------------------------------------
     0 | D:1      | oplop the Octopode Ice Elementalist began the quest for the Orb.
     0 | D:1      | Reached XP level 1. HP: 11/11 MP: 3/3
   151 | D:1      | Reached XP level 2. HP: 18/18 MP: 5/5
   193 | D:1      | Reached skill level 1 in Fighting
   306 | D:1      | Reached XP level 3. HP: 16/23 MP: 6/6
   732 | D:2      | Learned a level 2 spell: Throw Frost
   736 | D:2      | Learned a level 3 spell: Ozocubu's Armour
   813 | D:2      | Reached XP level 4. HP: 13/29 MP: 0/7
  1491 | D:2      | You fall through a shaft for 2 floors!
  1503 | D:4      | Gained mutation: You are partially covered in yellow scales (AC +2). [potion of mutation]
  1503 | D:4      | Gained mutation: Your flesh is cold resistant. [potion of mutation]
  1504 | D:4      | namelastname112: почему ие кстати?
  1504 | D:4      | oplop: я опять шафтанулся
  1504 | D:4      | oplop: на 2 этажа
  1504 | D:4      | oplop: потому что легкий бэк, у октопода 0 апты - легко перекачаться и есть айсбисты
  1505 | D:4      | oplop: и озошуьа
  1523 | D:4      | Gained mutation: Scrolls take you a little longer to read. [potion of mutation]
  1523 | D:4      | Gained mutation: You are frail (-10% HP). [potion of mutation]
  1523 | D:4      | Gained mutation: Your muscles are strong. (Str +2) [potion of mutation]
  1561 | D:4      | Noticed an ogre
  1588 | D:3      | Found a sparkling altar of Nemelex Xobeh.
  1598 | D:3      | Reached skill level 4 in Ice Magic
  1601 | D:3      | Reached XP level 5. HP: 19/31 MP: 4/9
  1704 | D:3      | Found a glowing silver altar of Zin.
  1804 | D:3      | Slain by an orc priest

Skill      XL: |  1  2  3  4 |
---------------+-------------+-----
Fighting       | 1 2 |  2.8
Ice Magic      | 4 |  4.4
Spellcasting   | 3 |  3.2
Dodging        | |  2.0
Stealth        | |  2.6
Conjurations   | |  1.0

Action                   |  1- 3 |  4- 6 || total
-------------------------+-------+-------++-------
Melee: Unarmed           |    13 |       ||    13
       Dagger            |    62 |    49 ||   111
       Constrict         |    19 |    13 ||    32
       Tentacles         |    16 |    10 ||    26
 Cast: Freeze            |    10 |    26 ||    36
       Throw Frost       |     2 |       ||     2
  Use: Scroll            |       |     6 ||     6
       Potion            |       |     2 ||     2
 Stab: Sleeping          |    12 |     5 ||    17
  Eat: Bread ration      |     1 |       ||     1
       Chunk             |       |     3 ||     3
Armor: Skin              |     7 |     9 ||    16
Dodge: Dodged            |    49 |    34 ||    83
